Unix NetHack Version 5.0.0-0 post-release - last build May 17 2026 04:57:42 (dc50c8380fa5e20985bfe3072449f57b8d9895ef,branch:main).

Game began 2026-05-20 21:04:26, ended 2026-05-21 23:14:28.

Drastanta, lawful male human Samurai

                        -----------------------------
                        |.^^^^^^^^.......^.....|..!.|
                        |+----------------....0|000%|
                        |.........|      |[...)@S...|
                        |.........|      |....0|.00.|
                        |.........|      |.....|.0..|
                        |.........|      ---------.-|
                        |....<....|       |....|....|
                        |.........|     ---.........|
                        |.........|     |>..000|00..|
                        |.........|     ---....|....|
                        -----------       -----------

Drastanta the Ninja    St:14 Dx:17 Co:18 In:11 Wi:8 Ch:7  Lawful
Dlvl:4  $:102 HP:0(60) Pw:44(44) AC:2  Xp:7 T:3443 

Latest messages:
 You hit the horse!
 The horse kicks!
 The horse misses!
 The horse kicks!
 The horse just misses!
 You hit the horse!
 The horse kicks!
 The horse bites!
 The horse kicks!
 The horse bites!
 The horse kicks!
 The horse bites!
 You hit the horse!
 The horse kicks!
 The horse misses!
 You kill the horse!
 You see here a horse corpse.
 There is a horse corpse here; eat it? [ynq] (n) y
 This horse corpse is fatty.
 The gnome lady throws an aklys!
 You are hit by an aklys.
 You stop eating the horse corpse.
 The aklys returns to the gnome lady's hand!
 You drop 2 tins.
 You drop a dark potion.
 You drop a fizzy potion.
 Your movements are now unencumbered.
 You see here a partly eaten horse corpse.
 The gnome lady swings her aklys.
 The gnome lady hits!
 You hit the gnome lady!
 You hit the gnome lady!
 You kill the gnome lady!
 The snake bites!
 You hit the snake!
 The snake bites!
 You hit the snake!
 The snake misses!
 You miss the snake.
 The snake bites!
 The snake's bite was poisoned!
 Are you sure you want to pray? [yn] (n) y
 You begin praying to Amaterasu Omikami.
 The snake bites!
 You die...
 Do you want your possessions identified? [ynq] (y) n
 Do you want to see your attributes? [ynq] (y) n
 Do you want an account of creatures vanquished? [ynaq] (y) n
 Do you want to see your conduct and achievements? [ynq] (y) n
 Do you want to see the dungeon overview? [ynq] (y) n

Inventory:
 Coins    ('$')
  $ - 102 gold pieces
 Weapons  (')')
  d - 30 +0 ya (in quiver)
  c - a +0 yumi (alternate weapon; not wielded)
  a - a corroded +0 katana (weapon in left hand)
 Armor    ('[')
  p - an uncursed +0 pair of iron shoes (being worn)
  m - an uncursed +0 dwarvish cloak (being worn)
  e - an uncursed rustproof +0 splint mail (being worn)
 Comestibles  ('%')
  r - 4 uncursed gunyoki
  n - an uncursed lembas wafer
  E - an uncursed pear
  b - an uncursed tripe ration
 Scrolls  ('?')
  k - 2 uncursed scrolls of destroy armor
  j - a blessed scroll of earth
  l - an uncursed scroll of earth
  w - an uncursed scroll of enchant armor
  z - an uncursed scroll of identify
 Potions  ('!')
  x - a cursed potion of confusion
  f - an uncursed potion of enlightenment
  h - 2 uncursed potions of healing
  B - an uncursed potion of monster detection
  i - an uncursed potion of see invisible
 Rings    ('=')
  t - an uncursed ring of free action
  g - an uncursed ring of shock resistance
 Wands    ('/')
  s - a wand of digging (0:4)
  F - a wand of light (0:11)
 Tools    ('(')
  A - an uncursed blindfold
  o - an uncursed skeleton key

Drastanta the Samurai's attributes:

Background:
 You were a Ninja, a level 7 male human Samurai.
 You were lawful, on a mission for Amaterasu Omikami
 who was opposed by Raijin (neutral) and Susanowo (chaotic).
 You were left-handed.
 You were in Sokoban, on level 4.
 You entered the dungeon 3443 turns ago.
 It was nighttime.
 You had 769 experience points, 511 more were needed to attain level 8.

Basics:
 You had 0 out of 60 hit points.
 You had all 44 energy points (spell power).
 Your armor class was 2.
 Your wallet contained 102 zorkmids.
 Autopickup was off.

Final Characteristics:
 Your strength was 14 (limit:18/100).
 Your dexterity was 17 (limit:18).
 Your constitution was 18 (limit:18).
 Your intelligence was 11 (limit:18).
 Your wisdom was 8 (limit:18).
 Your charisma was 7 (limit:18).

Final Status:
 You weren't hungry.
 You were unencumbered.
 You were wielding a long sword.
 You were skilled in long sword.

Final Attributes:
 You were piously aligned.
 Your items were somewhat protected from fire.
 Your items were somewhat protected from cold.
 You were telepathic.
 You were warded.
 You were fast.
 You are dead.

Miscellaneous:
 You didn't encounter any bones levels.
 Total elapsed playing time was 42 minutes and 52 seconds.

Major events:
 Turn
    1: Drastanta the lawful male human Samurai entered the dungeon
 1118: attained the rank of Ronin (level 3)
 1222: entered the Gnomish Mines
 1634: reached Mine Town
 1753: attained the rank of Ninja (level 6)
 2872: entered Sokoban
 3197: completed 1st Sokoban level
 3443: killed by a snake, while praying

You didn't know any spells.

Skills:
 Fighting Skills
   martial arts      [Basic]
   two weapon combat [Unskilled]
   riding            [Unskilled]
 Weapon Skills
   dagger            [Unskilled]
   knife             [Unskilled]
   short sword       [Basic]
   broadsword        [Unskilled]
   long sword        [Skilled]
   two-handed sword  [Unskilled]
   saber             [Unskilled]
   flail             [Unskilled]
   quarterstaff      [Unskilled]
   polearms          [Unskilled]
   spear             [Unskilled]
   lance             [Unskilled]
   bow               [Basic]
   shuriken          [Unskilled]
 Spellcasting Skills
   attack spells     [Unskilled]
   divination spells [Unskilled]
   clerical spells   [Unskilled]

Voluntary challenges:
 Character rerolling was not enabled.
 You never genocided any monsters.
 You never polymorphed an object.
 You never changed form.
 You used no wishes.
 You did not violate any of the special Sokoban rules.
Achievements:
 You entered a shop.
 You attained the rank of Ronin.
 You entered the Gnomish Mines.
 You entered Minetown.
 You entered a temple.
 You attained the rank of Ninja.
 You entered Sokoban.

 The Dungeons of Doom: levels 1 to 6
    Level 1:
       A grave.
    Level 2:
       An armor shop.
    Level 3:
       An armor shop.
    Level 4:
       Some fountains, a sink.
       Stairs down to The Gnomish Mines.
    Level 5:
    Level 6:
       A sink.
       Stairs up to Sokoban, level 5.
 The Gnomish Mines: levels 5 to 7
    Level 5:
    Level 6:
    Level 7:
       Many shops, a temple and an altar, some fountains.
 Sokoban: levels 5 up to 4
    Level 4: <- You were here.
       Unsolved.
       Final resting place for
          you, killed by a snake, while praying.
    Level 5:
       Solved.


Vanquished creatures:
  a small mimic
  a leather golem
  a horse
  a lizard
  a dingo
  a human zombie
 an imp
  a wood nymph
  a water nymph
  a pony
  a yellow light
  6 gnome leaders
  2 gnomish wizards
  a red naga hatchling
  a black naga hatchling
  a straw golem
  2 giant ants
  a little dog
  a floating eye
  a dwarf
  a kobold shaman
  a rothe
  a rabid rat
  a centipede
  a giant bat
  a monkey
 an acid blob
  a coyote
  a gas spore
  a large kobold
  a hobgoblin
  4 giant rats
  a brown mold
  a green mold
 17 gnomes
  3 geckos
  a jackal
  a fox
  2 kobolds
  2 goblins
  a sewer rat
  4 grid bugs
  3 lichens
  a kobold zombie
  9 newts
88 creatures vanquished.

No species were genocided or became extinct.

Game over:
                       ----------
                      /          \
                     /    REST    \
                    /      IN      \
                   /     PEACE      \
                  /                  \
                  |    Drastanta     |
                  |      102 Au      |
                  |   killed by a    |
                  |      snake       |
                  |                  |
                  |                  |
                  |       2026       |
                 *|     *  *  *      | *
        _________)/\\_//(\/(/\)/\//\/|_)_______

Sayonara Drastanta the Samurai...

You died in Sokoban on dungeon level 4 with 3478 points,
and 102 pieces of gold, after 3443 moves.
You were level 7 with a maximum of 60 hit points when you died.

